Map: Stasis LE

Players

Milock

  • Race: Terran Terran
  • League: Diamond
  • Spawn Location: 1:00

Flare - Winner!

  • Race: Zerg Zerg
  • League: Diamond
  • Spawn Location: 11:00

VOD

Have the link to the VOD?

Description

Time

  • Played on: Dec. 16, 2018, 5:28 a.m.
  • Length: 10:36
Show
View Real Time Build Order
Export as new Build Order

Milock Terran 

Build Orders: Reaper Expand 

Get SALT Encoding   

  12  0:00  SCV  
  13  0:13  SCV  
  14  0:18  Supply Depot  
  14  0:25  SCV  
  15  0:40  SCV  
  15  0:41  Barracks  
  16  0:47  Refinery  
  16  0:52  SCV  
  17  1:04  SCV  
  18  1:16  SCV  
  19  1:28  Orbital Command  
  19  1:35  Reaper  
  20  1:54  Command Center  
  20  1:55  SCV  
  21  2:04  Supply Depot  
  21  2:07  SCV  
  22  2:13  Marine  
  22  2:14  Factory  
  23  2:32  Barracks Reactor  
  23  2:34  SCV  
  24  2:38  Refinery  
  24  3:04  SCV, Supply Depot  
  25  3:08  Orbital Command  
  25  3:19  Hellion x2  
  28  3:20  SCV  
  27  3:40  Hellion  
  27  3:41  Hellion  
  30  3:59  Barracks Tech Lab  
  30  4:00  SCV  
  30  4:02  Hellion x2  
  33  4:14  Starport  
  33  4:18  Stimpack  
  33  4:19  Marine  
  33  4:23  Hellion x2  
  38  4:24  Orbital Command  
  38  4:32  SCV  
  39  4:44  SCV  
  39  4:45  Widow Mine x2  
  44  4:56  SCV  
  39  5:12  Starport Reactor  
  39  5:16  SCV x2, Barracks  
  39  5:18  Barracks  
  39  5:20  Hellion x2  
  46  5:28  SCV  
  44  5:38  Marine, Supply Depot  
  44  5:41  Widow Mine x2  
  44  5:42  SCV x2  
  51  5:48  Liberator x2  
  51  5:54  SCV  
  51  5:56  Marine  
  46  6:06  Barracks Reactor  
  46  6:07  Barracks Reactor  
  46  6:09  Engineering Bay  
  48  6:11  SCV x2  
  48  6:12  Engineering Bay  
  50  6:23  SCV x2  
  50  6:25  Supply Depot  
  52  6:29  Supply Depot x2  
  52  6:31  Supply Depot  
  52  6:38  Terran Infantry Weapons Level 1  
  51  6:41  SCV x2  
  51  6:44  Marine x3  
  51  6:45  Terran Infantry Armor Level 1  
  56  6:49  Widow Mine  
  56  6:53  SCV x2  
  60  7:05  Medivac x2, Marine x2  
  60  7:06  SCV x2  
  68  7:18  SCV  
  68  7:21  Marauder  
  68  7:27  Supply Depot  
  68  7:29  SCV  
  69  7:30  SCV, Refinery  
  69  7:32  Refinery  
  69  7:33  Marine, Widow Mine  
  69  7:34  Marine x3, Widow Mine  
  78  7:47  SCV x2  
  80  7:51  Marine x2  
  80  7:52  Marine x2  
  80  7:55  Marauder, Combat Shield  
  86  7:59  SCV, Command Center  
  87  8:07  Medivac  
  87  8:08  Medivac  
  87  8:09  Marine  
  87  8:12  Supply Depot  
  92  8:13  Supply Depot  
  92  8:17  Marine  
  92  8:18  Armory  
  93  8:21  SCV  
  93  8:23  Marine, Marauder  
  93  8:24  Marine  
  93  8:26  Widow Mine  
  100  8:42  Medivac x2  
  100  8:43  Marine  
  100  8:44  Marine x3  
  100  8:45  Marauder  
  100  8:46  Widow Mine  
  112  9:01  Marine x2  
  114  9:03  SCV x2  
  116  9:11  Marine x2, Marauder  
  116  9:12  Widow Mine x2  
  124  9:19  Marine  
  124  9:21  Refinery  
  124  9:22  Refinery  
  125  9:25  SCV x2  
  125  9:26  Orbital Command  
  127  9:32  Marauder  
  127  9:33  Widow Mine  
  126  9:51  Marine  
  126  9:52  Marine x2  
  129  9:53  Widow Mine  
  129  9:54  Marauder  
  133  10:09  Marine x3, Widow Mine  
  133  10:10  Supply Depot  
  133  10:13  Supply Depot  
  133  10:14  Widow Mine, Supply Depot  
Show
View Real Time Build Order
Export as new Build Order

Flare Zerg - Winner!

Build Orders: Pool First 

Get SALT Encoding   

  12  0:02  Drone  
  13  0:16  Overlord  
  13  0:18  Drone  
  14  0:34  Drone  
  14  0:35  Drone  
  16  0:36  Extractor  
  16  0:38  Drone  
  16  0:49  Spawning Pool  
  15  0:52  Drone  
  16  1:03  Drone  
  17  1:10  Drone  
  18  1:36  Hatchery  
  18  1:37  Zergling x4  
  19  1:42  Metabolic Boost  
  19  1:45  Zergling x2  
  20  1:58  Zergling x2  
  21  2:06  Overlord  
  21  2:22  Zergling x2  
  22  2:30  Zergling x2  
  22  2:35  Queen  
  25  2:46  Hatchery  
  25  2:51  Drone x2  
  25  2:58  Drone  
  26  3:09  Queen  
  28  3:17  Drone x4  
  28  3:19  Drone  
  32  3:35  Overlord  
  32  3:36  Overlord  
  32  3:42  Overlord  
  30  3:54  Drone x3  
  31  4:02  Drone  
  32  4:04  Queen  
  32  4:05  Drone x2  
  36  4:11  Drone x2  
  38  4:17  Drone  
  38  4:22  Drone x2  
  41  4:25  Drone  
  42  4:33  Zergling x14  
  42  4:37  Overlord  
  49  4:45  Overlord  
  49  4:48  Drone x2  
  49  4:50  Lair  
  51  4:55  Baneling Nest  
  45  5:02  Zergling x6  
  45  5:03  Zergling x8  
  48  5:11  Drone x2  
  50  5:14  Drone x2  
  50  5:16  Evolution Chamber x2  
  50  5:17  Drone  
  50  5:20  Drone x2  
  52  5:34  Drone x4  
  53  5:39  Roach Warren  
  53  5:40  Queen  
  53  5:42  Zergling x6  
  54  6:00  Drone x10  
  64  6:15  Zerg Ground Armor Level 1, Zerg Missile Weapons Level 1  
  64  6:22  Extractor  
  64  6:23  Extractor  
  64  6:24  Queen  
  64  6:25  Queen x2  
  66  6:26  Extractor  
  66  6:27  Drone x4  
  71  6:39  Drone x2  
  73  6:40  Overlord x2  
  73  6:43  Tunneling Claws  
  73  6:49  Extractor  
  73  6:50  Extractor  
  73  6:52  Overlord, Drone x2  
  73  7:03  Spore Crawler  
  72  7:12  Spore Crawler  
  72  7:14  Drone x18  
  89  7:36  Burrow  
  84  7:50  Roach x6  
  96  7:51  Overlord  
  96  7:59  Spore Crawler  
  96  8:03  Overseer  
  96  8:05  Roach  
  97  8:06  Overlord  
  97  8:07  Overlord x2  
  97  8:12  Hatchery  
  96  8:18  Overlord  
  96  8:19  Overlord x2  
  96  8:24  Extractor  
  96  8:26  Extractor  
  94  8:35  Roach x9  
  94  8:36  Hatchery, Roach  
  94  8:40  Glial Reconstitution  
  113  8:53  Roach x5  
  113  8:54  Roach x3  
  129  9:12  Roach x7  
  143  9:21  Roach x18  
  145  9:31  Roach x4  
  145  9:33  Overlord x2  
  145  9:36  Baneling x13  
  117  9:51  Roach x7  
  117  9:52  Roach  
  133  10:04  Roach  
  133  10:05  Roach x5  
Tags
 
Add a new tag
Caveats
  • Supply blocks, unpowered buildings, or Contaminate may cause inaccurate times.
  • Supply counts are checked every 10 seconds.